 Dungeon Crawl Stone Soup version 0.30-a0-738-g116ff8c4af (webtiles) character file.

Game seed: 14089908103943561725

48 demibob the Poker (level 3, 27/27 HPs)
             Began as a Merfolk Gladiator on Feb 3, 2023.
             Was a Follower of Makhleb.
             Quit the game on level 2 of the Dungeon.
             The game lasted 00:01:49 (1079 turns).

demibob the Poker (Merfolk Gladiator)               Turns: 1079, Time: 00:01:49

Health: 27/27      AC:  4    Str: 14    XL:     3   Next: 72%
Magic:  3/3        EV: 14    Int:  7    God:    Makhleb [*.....]
Gold:   98         SH:  0    Dex: 17    Spells: 2/2 levels left

rFire   . . .      SeeInvis .    a - +0 trident
rCold   . . .      Faith    .    (no shield)
rNeg    . . .      Spirit   .    b - +0 leather armour
rPois   .          Reflect  .    c - +0 helmet
rElec   .          Harm     .    (no cloak)
rCorr   .          Rampage  .    (no gloves)
Will    .....                    (no boots)
Stlth   +                        (no amulet)
HPRegen 0.24/turn                (no ring)
MPRegen 0.08/turn                (no ring)

@: no status effects
A: (nimble swimmer 2), mertail
a: Renounce Religion


You were on level 2 of the Dungeon.
You worshipped Makhleb.
Makhleb was aware of your devotion.
You visited 1 branch of the dungeon, and saw 2 of its levels.

You collected 98 gold pieces.


Innate Abilities, Weirdness & Mutations

((You are very nimble when in or above water. (Stealth+, EV+, Speed+++)))
Your lower body shifts to a powerful aquatic tail in water.


   Skills:
 - Level 2.1 Fighting
 * Level 5.5 Polearms
 - Level 2.0 Throwing
 + Level 4.7 Dodging


You had 2 spell levels left.
You didn't know any spells.
Your spell library was empty.

Inventory:

Hand Weapons
 a - a +0 trident (weapon)
Missiles
 d - 3 throwing nets (quivered) {=f}
 e - 5 javelins
Armour
 b - a +0 leather armour (worn)
 c - a +0 helmet (worn)
Magical Staves
 o - a staff of air {!a}
Scrolls
 g - 3 scrolls of vulnerability {unknown}
 h - 4 scrolls of teleportation {unknown}
 i - a scroll of fog {unknown}
 j - a scroll of enchant armour {unknown}
 l - a scroll of poison {unknown}
 m - a scroll of torment {unknown}
 n - a scroll of immolation {unknown}
Potions
 f - a potion of cancellation {unknown}
 k - a potion of flight {unknown}

Dungeon Overview and Level Annotations

Branches:
Dungeon (2/15)

Altars:
Makhleb

#. ## #<# #> ..#.. #.B ...
##.. ##.## ##..# # #...#
.....###. ##.#.#
#.##...#.###..#.## #@#
#........#..# #.#
###.#.##.....
#.######...#####..
#########.##.......(..####
##.....#................###
##........................#
#.........................#
#.........................#
#)........................#


You could see a giant cockroach (asleep).


Message History

You now have 92 gold pieces (gained 6).
A kobold comes into view. It is wielding a +0 short sword.
A kobold is nearby!
A kobold is nearby!
The kobold shouts!
You hit the kobold but do no damage. Your punch misses the kobold.
The kobold closely misses you.
You hit the kobold but do no damage. The kobold misses you.
You closely miss the kobold. The kobold misses you.
You barely miss the kobold. The kobold closely misses you.
You barely miss the kobold. The kobold hits you but does no damage.
You hit the kobold.
You kill the kobold!
Makhleb accepts your kill.
No target in view!
No target in view!
No target in view!
No target in view!
No target in view!
Found 6 gold pieces.
o - a staff of air {!a}
Things that are here:
a +0 short sword; a kobold corpse
Found a mace.
You now have 98 gold pieces (gained 6).
Found a stone staircase leading down.
A giant cockroach comes into view.
A giant cockroach is nearby!
A giant cockroach is nearby!
Are you sure you want to abandon this character and quit the game? (Confirm with "yes".)

Skill      XL: |  1  2 |
---------------+-------+-----
Polearms       | 5 |  5.5
Fighting       | |  2.1
Throwing       | |  2.0
Dodging        | |  4.7

Action                     || total
---------------------------++-------
  Melee: Trident           ||    75
   Stab: Sleeping          ||     7
 Armour: Leather armour    ||     8
  Dodge: Dodged            ||    25

Levels and vault maps discovered:
D:1:      matt_arrival_diagonals, layout_basic
D:2:      layout_rooms, basic_ecumenical_altar, minmay_tall_x

Notes
Turn   | Place    | Note
-------+----------+-------------------------------------------
     0 | D:1      | demibob the Merfolk Gladiator began the quest for the Orb.
     0 | D:1      | Reached XP level 1. HP: 16/16 MP: 1/1
    62 | D:1      | Reached XP level 2. HP: 22/22 MP: 2/2
   378 | D:1      | Reached skill level 5 in Polearms
   436 | D:1      | Reached XP level 3. HP: 27/27 MP: 3/3
   911 | D:2      | Found a faded altar of an unknown god.
   935 | D:2      | Identified the +1 ring mail of Lust {-Cast Harm Fly rC+}
   946 | D:2      | Prayed at the altar of an unknown god.
   946 | D:2      | Became a worshipper of Makhleb the Destroyer
   946 | D:2      | Reached * piety under Makhleb
  1079 | D:2      | Quit the game

Vanquished Creatures
  An adder (D:2)
  4 ball pythons
  2 endoplasms (D:1)
  A giant cockroach (D:1)
  5 goblins (D:1)
  5 hobgoblins
  5 jackals
  A quokka (D:1)
  A bat (D:1)
  2 frilled lizards (D:2)
  3 kobolds
  4 rats
34 creatures vanquished.

Table legend: (Time is in decaauts)
 A = Elapsed time spent in this place.
 B = Non-inter-level travel time spent in this place.
 C = Inter-level travel time spent in this place.
 D = Time resting spent in this place.
 E = Time spent auto-exploring this place.
 F = Levels seen in this place.
 G = Mean time per level.
                   A        B        C        D        E       F      G
               +--------+--------+--------+--------+--------+-----+--------+
         Total |   1082 |   1011 |     71 |     62 |    720 |   2 |  541.0 |
       Dungeon |   1082 |   1011 |     71 |     62 |    720 |   2 |  541.0 |
               +--------+--------+--------+--------+--------+-----+--------+

Top non-repeatable levels by time:
     D:1: 759 daAuts
     D:2: 323 daAuts

Table legend:
 A = Non-vault XP
 B = Vault XP
 C = Vault XP percentage of total XP
 D = Non-vault monster count
 E = Vault monster count
 F = Vault count percentage of total count
                 A         B        C        D         E       F
            +---------+---------+-------+---------+---------+-------
      Total |      69 |       0 |   0.0 |      34 |       0 |   0.0
            +---------+---------+-------+---------+---------+-------
        D:1 |      40 |       0 |   0.0 |      23 |       0 |   0.0
        D:2 |      29 |       0 |   0.0 |      11 |       0 |   0.0
            +---------+---------+-------+---------+---------+-------
